Unix xNetHack Version 7.1.0 - last build May 27 2022 02:01:18 (40ddc3af3caeb211f83a4e7a6471a44cedb5a298). Game began 2022-06-03 13:05:08, ended 2022-06-03 13:24:36. Rooks, neutral male gnomish Wizard --- --------------------------------------- --.-- ---......................................| ----- |...| |....-----------)------------#----------.| --.|.---- --..-- |.|..|*..*%.......^.....%..............#.| ---- |.......| --..| ----.|-.|.------------- -------.---------.|.| |..-- -.......| --.| |....||.|.|...| ...|. | |.|---...| |........-- |.| |.----|.|.|.... 0(..| |.||.....| --.........| |.| |.| |.|.|...| .... |.||....-- |.........-- |.| |.| |.|*|... -- | .(.. |.--....| --........-- |.---- |.| |.|.--.------ ..--...-- |....-..----....|....- |....| |.| |.|.o).[@/....(..{........{.......0 |.---....--..-----....| ----.| |.| |.|.------ -- .(..(.....000 . |.| -......-| |....| |.--- |.| |*|.| . ...0----- -.|*| .......-- |...-- |...--|.| |.|.| . (.. | |.#*-----.......------.| ---..--.|----.#(| |.0..0.. |.|.......>........--|.-- ---.....|.--..|.| |...... | |....---.....|.....|..| |.............|.- -..... |....| --------....|..| |<............|. ... |.---- ---.----- ---.--.|.|....----------------#------------------.| -- --- -----.|....*...**.......)...................| ----------------------------------------- Rooks the Conjurer St:12 Dx:15 Co:15 In:18 Wi:9 Ch:7 Neutral S:1565 Dlvl:5 $:139 HP:0(46) Pw:1(57) AC:9 Xp:5/294 T:1865 Latest messages: In what direction? You kill the kobold lady! You kill Baneaioth of Rukuakh! You kill Haiaiza of Rukuakh! You kill Aiakhathos of Rukuakh! $ - 20 gold pieces {0}. There are several more objects here. Pick an object. Pick an object. What do you want to write with? [- gqt-wyFG or ?*] You write in the dust with your fingertip. The pony turns to flee. Something is written here in the dust. You read: "Elbereth". O - a skull cap {30}. Ogza of Rukuakh picks up some gold. Ogza of Rukuakh picks up a mace. Pick an object. Ogza of Rukuakh's skull cap blocks your attack. Ogza of Rukuakh swings her silver curved sword. Ogza of Rukuakh hits you! What do you want to write with? [- gqt-wyFG or ?*] You write in the dust with your fingertip. Ogza of Rukuakh turns to flee. Ogza of Rukuakh picks up 21 rocks. Something is written here in the dust. You read: "Elbereth". You have a little trouble lifting a skull cap. Continue? [ynq] (q) Ogza of Rukuakh picks up a short sword. Rukathosa of Rukuakh turns to flee. Something is written here in the dust. You read: "Elbereth". Ogza of Rukuakh picks up a ring mail. Ogza of Rukuakh picks up a visored helmet. Ogza of Rukuakh picks up a small shield. Pick an object. What do you want to write with? [- gqt-wyFG or ?*] Do you want to add to the current engraving? [ynq] (y) You wipe out the message that was written in the dust here. You write in the dust with your fingertip. Never mind. In what direction? You kill Ogza of Rukuakh! $ - 44 gold pieces {0}. There are many more objects here. Uunai of Rukuakh zaps a pine wand! The bolt of lightning hits you! You die... Do you want your possessions identified? [ynq] (y) Do you want to see your attributes? [ynq] (y) Major events: Turn 1: Rooks the neutral male gnomish Wizard entered the dungeon 718: entered the Gnomish Mines 1110: attained the rank of Conjurer (level 3) 1332: reached Mine Town 1865: killed by a bolt of lightning Inventory: Inventory: 722/725 weight (34/52 slots) Coins $ - 139 gold pieces {1} Weapons y - an uncursed +0 elven dagger (weapon in hand) {10} w - 2 uncursed +0 orcish daggers {20} G - a cursed +0 orcish dagger {10} Armor J - an uncursed +0 helmet {30} O - a blessed +0 orcish helm {30} z - an uncursed +0 orcish helm {30} x - an uncursed +0 wooden orcish helm {11} H - a cursed -4 orcish helm {30} K - an uncursed +0 pair of leather gloves {10} L - an uncursed +0 pair of low boots {10} D - an uncursed +0 pair of water walking boots {15} M - an uncursed +0 small shield {30} b - a blessed +0 cloak of magic resistance named P1406 (being worn) {8} N - an uncursed +0 leather studded armor {200} Scrolls I - a cursed scroll of create monster {5} E - an uncursed scroll of genocide {5} j - a blessed scroll of identify {5} h - 2 uncursed scrolls of identify {10} Spellbooks c - a blessed spellbook of force bolt {35} d - a blessed spellbook of magic missile {40} f - an uncursed spellbook of restore ability {45} e - an uncursed spellbook of slow monster {35} Potions r - an uncursed potion of gain ability {20} k - an uncursed potion of paralysis {20} Tools A - a cursed bag of tricks (0:7) {15} C - an uncursed leather blindfold {3} B - a cursed leash {12} g - an uncursed magic marker (0:44) {2} p - a cursed oil lamp (lit) {20} Gems/Stones F - an uncursed worthless piece of green glass {1} t - an uncursed worthless piece of orange glass {1} v - a cursed worthless piece of orange glass {1} q - an uncursed worthless piece of white glass {1} u - a cursed worthless piece of white glass {1} Rooks the Wizard's attributes: Background: You were a Conjurer, a level 5 male gnomish Wizard. You were neutral, on a mission for Thoth who was opposed by Ptah (lawful) and Anhur (chaotic). You were heterosexual. You were in the Gnomish Mines, on level 5. You entered the dungeon 1865 turns ago. You had 294 experience points, 26 more were needed to attain level 6. Your score was 1565 before end-of-game adjustments. Basics: You had 0 out of 46 hit points. You had 1 out of 57 energy points (spell power). Your armor class was 9. Your wallet contained 139 zorkmids. Autopickup was on for '$?!/%="*' plus thrown, with exceptions. Final Characteristics: Your strength was 12 (limit:18/50). Your dexterity was 15 (limit:18). Your constitution was 15 (limit:18). Your intelligence was 18 (limit:19). Your wisdom was 9 (limit:18). Your charisma was 7 (limit:18). Final Status: You were not hungry. You were unencumbered. You were wielding a dagger. You were unskilled in dagger. Final Attributes: You were devoutly aligned. You were magic-protected. You had infravision. You were warded. You are dead. Miscellaneous: You never encountered a bones level. Total elapsed playing time was 19 minutes and 27 seconds. Vanquished creatures: an orc-captain an Uruk-hai 2 orc shamans a kitten a kobold leader 10 hill orcs a gas spore a hobbit 4 giant rats a yellow mold a gnome zombie a gecko 3 jackals 2 foxes 2 goblins a sewer rat 3 grid bugs 3 lichens 3 kobold zombies 3 newts 45 creatures vanquished. No species were genocided or became extinct. Voluntary challenges: You read items or engraved 6 times. You never genocided any monsters. You never polymorphed an object. You never changed form. You never touched an artifact. You used no wishes. You were celibate. You never generated conflict. Achievements: You entered the Gnomish Mines. You attained the rank of Conjurer. You entered Minetown. The Dungeons of Doom: levels 1 to 3 Level 1: A grave. Level 2: Many fountains. Stairs down to The Gnomish Mines. Level 3: A fountain. The Gnomish Mines: levels 3 to 6 Level 3: Level 4: Level 5: <- You were here. An altar, some fountains. Final resting place for you, killed by a bolt of lightning. Level 6: Game over: __________ / \ / REST \ / IN \ / PEACE \ / \ | Rooks | | 139 Au | | killed by a bolt | | of lightning | | | | | | 2022 | *| * * * | * _________)/\\_//(\/(/\)/\//\/|_)_______ Goodbye Rooks the Wizard... You died in The Gnomish Mines on dungeon level 5 with 1552 points, and 139 pieces of gold, after 1865 moves. You were level 5 with a maximum of 46 hit points when you died.